 Dungeon Crawl Stone Soup version 0.24-a0-378-g94936e539c (webtiles) character file.

Game seed: 2495325452056452946

553 emperorscorpion the Chopper (level 7, -1/82 HPs)
             Began as a Demonspawn Berserker on June 2, 2019.
             Was a Believer of Trog.
             Slain by a wight
             ... wielding a +0 great sword
              (13 damage)
             ... on level 6 of the Dungeon.
             The game lasted 00:06:49 (1469 turns).

emperorscorpion the Chopper (Demonspawn Berserker)  Turns: 1469, Time: 00:06:50

Health: -1/82      AC:  7    Str: 26    XL:     7   Next: 8%
Magic:  0/7        EV: 11    Int:  8    God:    Trog [**....]
Gold:   151        SH:  0    Dex: 13    Spells: 6/6 levels left

rFire    . . .     SeeInvis .   a - +0 war axe
rCold    + . .     Gourm    .   (no shield)
rNeg     . . .     Faith    .   l - +0 scale mail
rPois    .         Spirit   +   (helmet restricted)
rElec    .         Reflect  .   (no cloak)
rCorr    .         Harm     .   q - +0 pair of gloves
MR       .....                  (no boots)
Stlth    ..........             (no amulet)
HPRegen  0.23/turn              d - +2 ring of strength
MPRegen  0.10/turn              (no ring)

@: berserking, drained, very quick
A: antennae 2, claws 2, cold resistance 1, magic shield
a: Berserk, Trog's Hand, Renounce Religion


You were on level 6 of the Dungeon.
You worshipped Trog.
Trog was pleased with you.
You were very hungry.

You visited 1 branch of the dungeon, and saw 6 of its levels.

You collected 151 gold pieces.

Inventory:

Hand Weapons
 a - a +0 war axe (weapon)
 e - a +0 mace
 p - a +0 hand axe
Missiles
 j - 12 poisoned darts (quivered)
Armour
 b - a +0 animal skin
 l - a +0 scale mail (worn)
 n - a +1 helmet
 q - a +0 pair of gloves (worn)
Jewellery
 d - a +2 ring of strength (left hand)
Wands
 t - a wand of flame (14)
Scrolls
 f - a scroll of amnesia {unknown}
 g - 2 scrolls of identify {unknown}
 o - a scroll of fog {unknown}
 r - a scroll of immolation {unknown}
 u - a scroll of teleportation {unknown}
Potions
 h - 2 potions of degeneration
 i - a potion of berserk rage {unknown}
 m - a potion of haste {unknown}
 s - a potion of ambrosia {unknown}
Comestibles
 c - 4 rations
 k - 3 chunks of flesh


   Skills:
 + Level 4.3(3.6) Fighting
 + Level 5.7(5.0) Axes
 + Level 2.9(2.2) Armour
 + Level 3.0(2.3) Dodging
 + Level 0.7(0.0) Stealth


You had 6 spell levels left.
You didn't know any spells.
Your spell library was empty.

Dungeon Overview and Level Annotations

Branches:
Dungeon (6/15)
 Temple: D:4-7

Altars:
Okawaru


Innate Abilities, Weirdness & Mutations

You have a pair of antennae on your head.
You have very sharp fingernails.
Your flesh is cold resistant. (rC+)
When hurt, damage is shared between your health and your magic reserves.


Message History

* * * LOW HITPOINT WARNING * * *
The wight misses you. The wight hits you with a +4 flail.
* * * LOW HITPOINT WARNING * * *
Unknown command.
Unknown command.
You barely miss the wight. You slash the wight!
Unknown command.
You closely miss the wight. You hit the wight. You closely miss the wight.
The wight closely misses you.
The wight hits you with a +0 great sword!
* * * LOW HITPOINT WARNING * * *
The wight hits you with a +4 flail.
* * * LOW HITPOINT WARNING * * *
The wight closely misses you.
Your scale mail prevents you from hitting the wight.
You barely miss the wight. x2
The wight hits you from afar with a cursed +3 halberd of freezing.
You feel drained.
The wight hits you with a +0 great sword!
You die...

## #. #.#####
#.....#
.####.....#
.....zz@z.#
.####..z........
.........###...
########## .


You could see 4 wights.

Vanquished Creatures
  A phantom (D:5)
  An ogre (D:5)
  A scorpion (D:5)
  A wight (D:5)
  A howler monkey (D:5)
  An orc priest (D:3)
  4 hounds
  A worker ant zombie (D:5)
  3 adders
  An ooze (D:3)
  2 worms
  2 leopard geckos
  6 orcs
  2 giant cockroaches
  4 hobgoblins
  6 jackals
  A quokka (D:2)
  4 bats
  3 frilled lizards
  4 goblins
  4 kobolds (D:1)
  2 rats
55 creatures vanquished.

Notes
Turn   | Place    | Note
-------+----------+-------------------------------------------
     0 | D:1      | emperorscorpion the Demonspawn Berserker began the quest
                  | for the Orb.
     0 | D:1      | Reached XP level 1. HP: 18/18 MP: 1/1
   255 | D:1      | Gained mutation: Your flesh is cold resistant. (rC+)
                  | [demonic ancestry]
   255 | D:1      | Reached XP level 2. HP: 24/24 MP: 2/2
   434 | D:2      | Reached skill level 3 in Axes
   811 | D:3      | Gained mutation: When hurt, damage is shared between your
                  | health and your magic reserves. [demonic ancestry]
   811 | D:3      | Reached XP level 3. HP: 29/29 MP: 3/3
   814 | D:3      | Reached ** piety under Trog
   860 | D:2      | Gained mutation: You have sharp fingernails. [demonic
                  | ancestry]
   860 | D:2      | Reached XP level 4. HP: 27/37 MP: 2/4
  1025 | D:4      | Found an iron altar of Okawaru.
  1083 | D:5      | Entered Level 5 of the Dungeon
  1098 | D:5      | Reached skill level 4 in Axes
  1098 | D:5      | Gained mutation: You have a pair of small antennae on your
                  | head. [demonic ancestry]
  1098 | D:5      | Reached XP level 5. HP: 42/42 MP: 5/5
  1119 | D:6      | Noticed a sky beast
  1198 | D:6      | Noticed a centaur
  1206 | D:5      | Noticed an ogre
  1234 | D:5      | Noticed a phantom
  1260 | D:4      | Gained mutation: You have very sharp fingernails. [demonic
                  | ancestry]
  1260 | D:4      | Reached XP level 6. HP: 37/48 MP: 6/6
  1345 | D:5      | Reached skill level 5 in Axes
  1404 | D:5      | Gained mutation: You have a pair of antennae on your head.
                  | [demonic ancestry]
  1404 | D:5      | Reached XP level 7. HP: 25/54 MP: 4/7
  1469 | D:6      | Slain by a wight

Levels and vault maps discovered:
D:1:      minmay_arrival_three_doors, layout_loops_cross
D:2:      layout_loops_cross, grunt_decor_one_mirror
D:3:      layout_loops_ring, old_standard_altar,
          chequers_temple_overflow_statue_of_worship,
          chequers_ecumenical_altar_simple_redux, first_ration, st_stairs_12
D:4:      layout_rooms, ebering_ghost_rock_garden, kennysheep_flooded_box,
          minmay_pentangle
D:5:      layout_rooms
D:6:      layout_loops_ring, kennysheep_generic_room_5

Skill      XL: |  1  2  3  4  5  6 |
---------------+-------------------+-----
Axes           | 3 4 5 |  5.7
Dodging        | 2 3 |  3.0
Armour         | 2 |  2.9
Fighting       | 4 |  4.3
Stealth        | |  0.7

Action                   |  1- 3 |  4- 6 |  7- 9 || total
-------------------------+-------+-------+-------++-------
Melee: Hand axe          |    66 |    44 |       ||   110
       War axe           |       |    55 |     8 ||    63
Throw: Dart              |       |     2 |       ||     2
Invok: Berserk           |     4 |     4 |     2 ||    10
  Use: Potion            |     1 |       |       ||     1
 Stab: Sleeping          |     2 |       |       ||     2
  Eat: Chunk             |     3 |     6 |     1 ||    10
Armor: Animal skin       |     8 |       |       ||     8
       Scale mail        |       |    68 |       ||    68
Dodge: Dodged            |    44 |    86 |     8 ||   138

Table legend:
 A = Non-vault XP
 B = Vault XP
 C = Vault XP percentage of total XP
 D = Non-vault monster count
 E = Vault monster count
 F = Vault count percentage of total count
                 A         B        C        D         E       F
            +---------+---------+-------+---------+---------+-------
      Total |     790 |       1 |   0.1 |      54 |       1 |   1.8
            +---------+---------+-------+---------+---------+-------
        D:1 |      15 |       0 |   0.0 |      10 |       0 |   0.0
        D:2 |      33 |       0 |   0.0 |      13 |       0 |   0.0
        D:3 |      71 |       1 |   1.4 |       9 |       1 |  10.0
        D:4 |     149 |       0 |   0.0 |       8 |       0 |   0.0
        D:5 |     522 |       0 |   0.0 |      14 |       0 |   0.0
            +---------+---------+-------+---------+---------+-------
